Map: Troizinia LE

Players

BbBbB - Winner!

  • Race: Zerg Zerg
  • Spawn Location: 6:00

JaySlays - Winner!

  • Race: Terran Terran
  • Spawn Location: 5:00

Wolf - Winner!

  • Race: Zerg Zerg
  • League: Diamond
  • Spawn Location: 3:00

SirMarc - Winner!

  • Race: Terran Terran
  • Spawn Location: 5:00

PsychoAcid

  • Race: Protoss Protoss
  • Spawn Location: 11:00

Magistrum

  • Race: Zerg Zerg
  • Spawn Location: 9:00

OoO

  • Race: Terran Terran
  • Spawn Location: 11:00

Chucko

  • Race: Zerg Zerg
  • League: Diamond
  • Spawn Location: 12:00

VOD

Have the link to the VOD?

Description

Time

  • Played on: April 3, 2018, 11:26 p.m.
  • Length: 14:43
Show
View Real Time Build Order
Export as new Build Order

BbBbB Zerg - Winner!

Build Orders: Hatch First 

Get SALT Encoding   

  12  0:01  Drone  
  13  0:09  Drone  
  14  0:19  Overlord  
  14  0:28  Extractor x2  
  13  0:29  Drone x2  
  16  0:39  Drone  
  17  1:02  Hatchery  
  16  1:09  Spawning Pool  
  16  1:10  Extractor  
  14  1:12  Drone  
  14  1:18  Drone  
  16  1:20  Drone  
  17  1:28  Drone  
  18  1:56  Zergling x6  
  18  1:58  Extractor, Queen  
  23  2:02  Spine Crawler  
  22  2:28  Overlord  
  22  2:29  Metabolic Boost  
  22  2:32  Hatchery  
  21  2:44  Baneling Nest  
  21  2:45  Zergling x2  
  21  3:01  Zergling x6  
  24  3:06  Queen  
  26  3:13  Zergling x4  
  26  3:14  Zergling x2  
  29  3:28  Overlord  
  29  3:36  Baneling x3  
  29  3:47  Lair  
  29  4:03  Drone x3, Overlord  
  29  4:04  Drone x3  
  28  4:32  Zergling x8  
  28  4:33  Zergling x10  
  28  4:35  Baneling  
  28  4:37  Baneling  
  37  4:46  Evolution Chamber  
  36  4:58  Drone x2  
  36  4:59  Drone x3  
  40  5:04  Centrifical Hooks  
  36  5:21  Drone x4, Overlord  
  39  5:37  Zerg Missile Weapons Level 1  
  39  5:39  Extractor  
  38  5:43  Drone x5  
  41  6:05  Extractor  
  41  6:06  Extractor  
  41  6:08  Hydralisk Den  
  41  6:09  Drone  
  41  6:10  Drone x7  
  46  6:35  Zergling x8  
  46  6:37  Queen  
  46  6:38  Muscular Augments  
  52  6:43  Drone  
  52  6:44  Drone x5  
  58  6:47  Lurker Den  
  57  7:07  Spore Crawler, Hatchery  
  55  7:11  Spore Crawler  
  54  7:15  Infestation Pit  
  53  7:44  Zerg Ground Armor Level 1  
  53  7:45  Overlord x5  
  53  8:04  Hydralisk x2  
  53  8:05  Hydralisk x7  
  71  8:11  Hive  
  69  8:19  Overseer  
  65  8:42  Zergling x2  
  65  8:43  Zergling x20  
  65  8:48  Extractor  
  75  8:51  Spine Crawler  
  75  8:52  Spore Crawler  
  75  8:53  Extractor  
  72  8:57  Lurker x3  
  72  8:59  Pneumatized Carapace  
  75  9:06  Baneling x3  
  75  9:07  Baneling x5  
  75  9:08  Baneling  
  75  9:24  Baneling x3  
  75  9:31  Drone  
  75  9:32  Drone x9  
  85  9:47  Drone x2, Overlord x2  
  85  9:48  Drone  
  88  9:57  Infestation Pit  
  87  10:01  Evolution Chamber  
  86  10:18  Drone x2  
  86  10:19  Drone x3  
  91  10:24  Adaptive Talons  
  91  10:29  Zerg Melee Weapons Level 1  
  91  10:31  Hatchery  
  82  11:23  Extractor  
  82  11:24  Extractor  
  78  11:38  Spire  
  69  11:44  Ultralisk Cavern  
  61  11:51  Drone x5  
  61  11:52  Drone x9  
  75  12:06  Queen  
  78  12:08  Drone  
  78  12:09  Drone x13  
  91  12:30  Adrenal Glands  
  91  12:36  Hydralisk  
  91  12:37  Hydralisk x3  
  99  12:49  Baneling x5  
  99  13:39  Overlord  
  99  13:40  Overlord x7  
  96  14:04  Spire, Zergling x12  
  96  14:05  Zergling x12  
  107  14:23  Hatchery  
Show
View Real Time Build Order
Export as new Build Order

JaySlays Terran - Winner!

Build Orders: MMM Bio 

Get SALT Encoding   

  12  0:01  SCV  
  13  0:13  SCV  
  14  0:22  Supply Depot  
  14  0:25  SCV  
  15  0:34  Refinery  
  15  0:47  SCV  
  16  0:52  Barracks  
  16  0:59  SCV  
  18  1:11  SCV  
  18  1:15  Barracks  
  18  1:23  Supply Depot  
  18  1:27  SCV  
  19  1:41  Barracks Reactor  
  19  1:47  Bunker  
  19  1:52  Orbital Command  
  19  2:04  Barracks Reactor  
  19  2:17  Reaper  
  19  2:18  Reaper  
  21  2:25  Refinery  
  21  2:31  Barracks  
  21  2:38  SCV  
  21  2:41  Reaper  
  23  2:50  SCV  
  24  2:52  Reaper  
  25  3:02  SCV  
  26  3:13  Reaper x2  
  28  3:22  Reaper  
  28  3:24  SCV  
  30  3:29  Marine  
  31  3:38  SCV  
  31  3:54  Supply Depot  
  31  3:55  Supply Depot  
  31  3:59  Marine  
  31  4:01  Marine  
  31  4:05  Marine  
  31  4:10  Marine  
  31  4:17  Marine  
  31  4:19  Supply Depot, Marine, Barracks Tech Lab  
  31  4:23  Marine  
  34  4:27  Factory  
  34  4:28  Marine  
  35  4:31  Engineering Bay  
  35  4:35  Marine  
  35  4:37  Marine  
  37  4:39  Stimpack  
  37  4:41  Marine  
  38  4:50  Marine  
  39  4:53  Marine  
  39  4:54  Command Center  
  39  4:57  Terran Infantry Weapons Level 1  
  40  5:02  Engineering Bay  
  40  5:12  Factory Reactor  
  40  5:13  Starport  
  40  5:15  SCV  
  40  5:17  Marine x2  
  43  5:27  SCV  
  44  5:45  Terran Infantry Armor Level 1  
  44  5:47  Marine x4  
  44  5:48  Marine  
  35  6:05  Marine x4  
  35  6:06  Marine  
  39  6:23  Marine x4  
  43  6:27  SCV  
  44  6:35  Orbital Command  
  44  6:39  SCV  
  45  6:49  Medivac x2  
  45  6:51  SCV  
  45  6:53  Marine x4  
  54  7:01  Marine  
  54  7:04  SCV x2  
  57  7:11  Marine x2, Combat Shields, Armory  
  57  7:14  Marine x2  
  61  7:16  SCV x2  
  61  7:19  Marine  
  43  7:46  Marine x5  
  48  7:54  SCV x2  
  50  8:01  Barracks  
  50  8:03  Barracks, Marine  
  50  8:04  Marine x4  
  53  8:06  SCV x2  
  49  8:21  Marine x3  
  49  8:22  Marine x2, Terran Infantry Weapons Level 2  
  49  8:23  Terran Infantry Armor Level 2  
  54  8:31  Factory Tech Lab  
  54  8:33  Medivac x2  
  58  8:50  Marine x2  
  58  8:54  Barracks Reactor  
  60  9:08  Marine x2  
  58  9:26  Marine x2  
  59  9:43  Marine  
  59  9:44  Marine x2  
  62  10:18  Supply Depot  
  62  10:19  Refinery  
  62  10:21  Refinery  
  62  10:25  Supply Depot  
  62  10:29  Supply Depot x2  
  62  10:39  Marine x5, Terran Infantry Armor Level 3, Terran Infantry Weapons Level 3, Barracks Tech Lab  
  67  10:54  SCV x2  
  69  10:57  Marine x5  
  69  11:01  Marine  
  75  11:05  Medivac x2  
  75  11:06  SCV  
  75  11:09  Concussive Shells  
  80  11:15  Marine x5  
  80  11:18  Barracks, Marine  
  85  11:20  Siege Tank  
  89  11:32  Marine x5  
  94  11:48  Supply Depot  
  94  11:50  Supply Depot  
  94  11:55  Marine x5  
  94  11:56  Siege Tank  
  102  12:10  Marine, Barracks Reactor  
  102  12:11  Supply Depot  
  102  12:12  Supply Depot  
  102  12:13  Supply Depot, Marine x5  
  102  12:15  Supply Depot  
  108  12:22  Starport  
  108  12:28  Marine, Siege Tank  
  112  12:31  Marine x3, Marauder  
  112  12:33  Marauder  
  112  12:35  Supply Depot  
  119  12:45  Marine  
  119  12:49  Marine x3  
  123  12:53  Marauder  
  123  12:54  Marine x2  
  123  12:55  Marine  
  128  13:03  Marine  
  129  13:07  Marine x3  
  129  13:12  Marine x2  
  122  13:51  Marine  
  122  13:52  Marine x7  
  122  14:07  Siege Tank  
  122  14:09  Marine  
  125  14:10  Marine x7  
Show
View Real Time Build Order
Export as new Build Order

Wolf Zerg - Winner!

Build Orders: Hatch First 

Get SALT Encoding   

  12  0:01  Drone  
  13  0:12  Overlord  
  13  0:17  Drone  
  14  0:31  Drone x2  
  16  0:36  Drone  
  17  0:54  Hatchery  
  16  0:58  Drone  
  16  1:01  Drone  
  18  1:09  Drone  
  19  1:13  Extractor  
  18  1:21  Spawning Pool  
  18  1:24  Drone  
  18  1:28  Drone  
  19  1:39  Overlord  
  19  2:04  Drone x2  
  19  2:08  Zergling x2  
  22  2:09  Queen  
  22  2:10  Queen  
  22  2:11  Zergling x2  
  27  2:16  Metabolic Boost  
  27  2:20  Zergling x2  
  28  2:25  Zergling x2  
  29  2:34  Zergling x4  
  31  2:38  Overlord  
  31  2:45  Drone  
  31  2:50  Zergling x2  
  33  3:07  Zergling x6  
  32  3:37  Zergling x16  
  37  3:51  Zergling x2  
  37  3:52  Zergling x4  
  37  4:09  Lair  
  37  4:10  Zergling x6  
  37  4:11  Baneling Nest  
  37  4:13  Overlord  
  32  5:04  Zergling x24  
  44  5:20  Zergling x10  
  49  5:30  Hydralisk Den  
  49  5:32  Evolution Chamber  
  49  5:34  Evolution Chamber  
  27  5:56  Zergling x18  
  31  6:18  Drone x4  
  35  6:23  Grooved Spines  
  35  6:24  Zerg Melee Weapons Level 1  
  35  6:28  Zerg Missile Weapons Level 1  
  35  6:36  Hatchery  
  34  6:41  Drone x2  
  34  6:42  Drone x2  
  30  6:53  Baneling x2  
  30  6:56  Zergling x2  
  30  6:57  Zergling x6  
  35  7:08  Drone x3  
  35  7:09  Drone x2  
  35  7:12  Extractor  
  35  7:14  Extractor  
  37  7:15  Extractor  
  36  7:37  Zergling x14  
  36  7:40  Baneling x6  
  36  7:41  Baneling x2  
  42  7:49  Muscular Augments  
  37  8:05  Baneling  
  37  8:06  Baneling x4  
  37  8:11  Baneling x2  
  25  8:40  Drone x3  
  26  8:50  Zergling x2  
  26  8:51  Zergling x16  
  9  9:24  Drone x3  
  12  9:41  Drone x2  
  12  9:42  Drone x2  
  10  10:11  Hatchery  
  10  10:14  Drone x3  
  12  10:19  Hatchery  
  11  10:31  Drone  
  12  10:42  Drone  
  13  10:43  Spawning Pool  
  12  11:05  Drone x2  
  12  11:08  Drone  
  15  11:13  Extractor  
  14  11:21  Drone  
  15  11:29  Queen x2  
  15  11:31  Drone x2  
  21  11:33  Drone  
  22  11:46  Drone x2  
  22  11:47  Drone x2  
  26  11:56  Queen  
  28  12:05  Drone x2  
  30  12:12  Drone x3  
  30  12:15  Drone  
  34  12:18  Drone  
  35  12:25  Lair  
  22  12:45  Drone x4  
  22  12:48  Drone  
  22  12:50  Drone  
  28  12:57  Drone  
  29  13:03  Drone x2  
  29  13:04  Drone  
  32  13:15  Drone  
  32  13:16  Drone x3  
  32  13:17  Drone  
  37  13:35  Drone  
  37  13:36  Drone x4  
  37  13:37  Overlord x2  
  42  13:54  Overlord  
  42  13:55  Overlord x2  
  42  13:57  Drone x2  
  42  13:58  Drone x4  
  48  14:07  Extractor  
  48  14:08  Extractor  
  46  14:11  Drone x6  
  46  14:14  Overlord  
  52  14:24  Drone x5  
  59  14:41  Hatchery  
Show
View Real Time Build Order
Export as new Build Order

SirMarc Terran - Winner!

Build Orders: MMM Bio 

Get SALT Encoding   

  12  0:03  SCV  
  13  0:15  SCV  
  14  0:22  Supply Depot  
  14  0:29  SCV  
  15  0:48  Barracks  
  15  0:50  SCV  
  16  0:58  Barracks  
  16  1:03  SCV  
  17  1:15  SCV  
  18  1:34  Command Center  
  18  1:35  SCV  
  19  1:42  Marine  
  19  1:46  Marine  
  21  1:53  Refinery  
  21  1:55  Supply Depot  
  21  2:07  Marine  
  22  2:10  Marine  
  23  2:19  SCV  
  23  2:20  Refinery  
  24  2:31  SCV  
  24  2:32  Marine  
  24  2:33  Marine  
  27  2:43  SCV  
  28  2:55  SCV  
  28  2:56  Barracks  
  29  2:58  Marine  
  29  3:02  SCV  
  29  3:03  Barracks Tech Lab  
  31  3:07  SCV  
  32  3:15  Factory  
  32  3:16  Marine  
  32  3:19  SCV  
  34  3:22  Combat Shields  
  34  3:24  Marine  
  35  3:34  Marine  
  35  3:39  SCV  
  37  3:43  Orbital Command  
  37  3:50  Supply Depot  
  37  3:51  SCV  
  37  3:52  Barracks Reactor  
  37  3:54  Marine  
  39  3:57  Marine  
  39  4:01  Factory Tech Lab  
  40  4:21  Marine x2  
  40  4:23  Siege Tank  
  45  4:26  Engineering Bay  
  45  4:39  Marine x2  
  46  4:53  Supply Depot  
  36  5:18  Concussive Shells  
  35  5:25  Marine x3  
  35  5:27  Siege Tank  
  41  5:28  Barracks Reactor, Terran Infantry Weapons Level 1  
  41  5:32  Supply Depot  
  39  5:39  Orbital Command  
  39  5:43  Marine x3  
  39  5:44  SCV  
  43  5:55  Supply Depot  
  43  5:56  SCV  
  44  6:00  Marine  
  44  6:01  Marine x2, Stimpack  
  44  6:02  Starport  
  47  6:10  Command Center  
  47  6:14  Marine x2  
  47  6:18  Marine x2, Widow Mine  
  51  6:19  Supply Depot  
  51  6:20  SCV  
  54  6:34  Marauder  
  54  6:35  Marine x2  
  58  6:42  Engineering Bay  
  58  6:44  SCV  
  59  6:49  Starport Reactor, Refinery  
  59  6:55  Marauder  
  59  6:56  SCV  
  62  7:04  Widow Mine  
  62  7:06  SCV  
  65  7:12  Missile Turret, Terran Infantry Armor Level 1  
  65  7:13  Supply Depot  
  65  7:15  Refinery  
  65  7:18  SCV  
  65  7:21  Planetary Fortress  
  66  7:23  Refinery  
  66  7:25  Siege Tank  
  66  7:27  Medivac  
  71  7:33  SCV  
  71  7:36  Supply Depot  
  72  7:45  SCV  
  72  7:46  Missile Turret  
  72  7:48  Liberator  
  72  7:49  Refinery  
  72  7:50  Marine x3  
  72  7:51  Marine x2  
  77  7:55  SCV  
  77  7:57  SCV  
  80  8:01  Medivac  
  82  8:07  SCV  
  82  8:08  Marine x3  
  82  8:09  SCV  
  90  8:13  SCV  
  90  8:19  Marine x2  
  93  8:21  SCV  
  93  8:25  SCV  
  93  8:26  Marine x2  
  97  8:28  Building Armor  
  97  8:32  Armory  
  97  8:37  SCV  
  72  8:50  SCV  
  70  9:02  SCV  
  69  9:06  Marine x5  
  69  9:08  Siege Tank  
  77  9:23  Marine  
  77  9:24  Marine, SCV  
  80  9:26  Marine  
  80  9:27  Marine x2  
  83  9:36  SCV  
  81  9:40  Siege Tank  
  81  9:41  Marine x2  
  81  9:44  Marine x2  
  88  9:46  Marine  
  88  9:48  SCV  
  88  9:49  Terran Infantry Weapons Level 2  
  90  9:56  Barracks  
  90  9:59  Marine x2  
  92  10:00  SCV  
  92  10:02  Marine  
  92  10:05  Marauder  
  96  10:12  SCV  
  96  10:13  Siege Tank  
  100  10:26  Marauder  
  102  10:45  Barracks  
  102  10:47  SCV, Marauder  
  102  10:59  SCV  
  103  11:04  Marine x2  
  103  11:05  Marine x2  
  103  11:06  Barracks Tech Lab  
  103  11:08  Medivac x2, Command Center  
  103  11:09  Marauder  
  103  11:10  Hi-Sec Auto Tracking  
  113  11:11  SCV, Terran Vehicle Weapons Level 1  
  114  11:22  Marine x2  
  114  11:23  Marine  
  117  11:33  Supply Depot  
  117  11:38  Refinery  
  117  11:54  Thor  
  117  11:55  Marauder  
  117  11:56  Supply Depot  
  117  11:59  Marine x4  
  129  12:03  Refinery, Marauder  
  129  12:04  Terran Infantry Armor Level 2  
  129  12:08  Medivac, Viking  
  135  12:16  Marauder  
  135  12:17  Marine x4  
  141  12:22  Supply Depot  
  141  12:24  Marauder  
  141  12:26  Barracks Reactor  
  141  12:27  Armory  
  143  12:34  Planetary Fortress  
  143  12:35  Marine x4  
  147  12:37  Marauder, Thor  
  155  12:45  Supply Depot, Marauder  
  156  12:53  Marine x4  
  150  13:07  Marauder  
  152  13:21  Factory  
  152  13:28  Marauder  
Show
View Real Time Build Order
Export as new Build Order

PsychoAcid Protoss 

Build Orders:  

Get SALT Encoding   

  13  0:35  Probe  
  13  0:47  Probe  
  14  0:59  Probe  
  15  1:20  Nexus  
  15  1:31  Pylon  
  15  1:39  Assimilator  
  15  1:43  Assimilator  
  15  1:49  Probe  
  15  1:50  Pylon  
  16  2:01  Probe  
  17  2:13  Probe, Forge  
  17  2:15  Gateway  
  18  2:25  Probe  
  19  2:35  Pylon  
  19  2:37  Probe (Chrono Boost)  
  20  2:48  Probe (Chrono Boost)  
  21  2:53  Probe (Chrono Boost)  
  21  2:54  Photon Cannon  
  22  2:59  Photon Cannon  
  22  3:04  Pylon, Probe  
  23  3:09  Photon Cannon  
  23  3:16  Probe  
  24  3:25  Photon Cannon  
  24  3:28  Probe (Chrono Boost)  
  24  3:31  Probe (Chrono Boost)  
  26  3:40  Probe (Chrono Boost), Assimilator  
  28  3:42  Probe (Chrono Boost)  
  28  3:46  Assimilator  
  28  3:48  Probe (Chrono Boost)  
  30  3:49  Probe (Chrono Boost)  
  30  3:54  Probe (Chrono Boost)  
  30  3:58  Pylon  
  31  4:06  Probe  
  21  4:58  Pylon  
  21  5:00  Pylon  
  21  5:23  Pylon  
  20  5:36  Cybernetics Core  
  20  5:55  Zealot (Chrono Boost)  
  22  6:03  Pylon  
  22  6:04  Warp Gate (Chrono Boost)  
  22  6:05  Pylon  
  22  6:07  Gateway  
  22  6:11  Gateway x2  
  22  6:13  Zealot  
  24  6:20  Protoss Shields Level 1 (Chrono Boost)  
  24  6:22  Gateway  
  24  6:30  Gateway  
  24  6:43  Probe (Chrono Boost)  
  24  6:46  Probe (Chrono Boost)  
  26  6:52  Probe (Chrono Boost)  
  28  6:54  Probe (Chrono Boost)  
  28  6:58  Probe (Chrono Boost)  
  28  6:59  Probe (Chrono Boost)  
  30  7:06  Gateway  
  30  7:07  Probe  
  31  7:08  Gateway  
  31  7:19  Probe  
  32  7:23  Probe  
  31  7:31  Probe  
  31  7:35  Probe  
  28  7:43  Probe  
  29  7:47  Probe  
  30  7:55  Probe  
  31  8:07  Probe  
  31  8:09  Twilight Council  
  32  8:16  Protoss Ground Weapons Level 1  
  32  8:18  Stalker x2  
  32  8:19  Stalker x4  
  44  8:20  Stalker x2  
  48  8:33  Probe (Chrono Boost), Photon Cannon  
  49  8:44  Probe (Chrono Boost)  
  50  8:49  Probe (Chrono Boost)  
  50  8:50  Dark Shrine  
  50  8:53  Pylon  
  51  8:56  Pylon  
  51  8:59  Pylon  
  51  9:00  Probe  
  52  9:07  Pylon  
  52  9:12  Probe  
  54  9:24  Probe (Chrono Boost)  
  54  9:28  Stalker  
  54  9:29  Stalker x2  
  60  9:33  Probe (Chrono Boost)  
  61  9:38  Probe (Chrono Boost)  
  61  9:39  Stalker x2  
  66  10:04  Blink  
  66  10:07  Shadow Stride  
  66  10:48  Dark Templar x3  
  66  10:49  Dark Templar x5  
  39  11:34  Stalker x3  
  39  11:35  Stalker  
  47  12:10  Dark Templar  
  47  12:11  Dark Templar  
  51  12:34  Pylon  
  51  12:40  Robotics Facility  
  29  13:05  Dark Templar  
  21  13:35  Stalker x3  
  21  13:36  Stalker  
  21  13:38  Zealot  
  21  13:39  Zealot  
  21  14:09  Dark Templar  
  23  14:13  Dark Templar x2  
  20  14:31  Dark Templar  
  20  14:32  Dark Templar x3  
  20  14:33  Dark Templar  
Show
View Real Time Build Order
Export as new Build Order

Magistrum Zerg 

Build Orders: Pool First 

Get SALT Encoding   

  12  0:22  Spawning Pool  
  12  0:24  Drone  
  12  0:27  Drone  
  13  0:31  Drone  
  14  0:42  Overlord  
  14  1:10  Zergling x4  
  14  1:11  Zergling x2  
  17  1:30  Hatchery  
  16  1:37  Overlord  
  16  1:38  Drone  
  17  1:49  Queen  
  19  1:55  Extractor  
  19  1:57  Zergling x4  
  20  2:12  Zergling x2  
  18  2:47  Spine Crawler  
  18  2:49  Spine Crawler  
  18  2:51  Spine Crawler x2  
  14  3:22  Spine Crawler x2  
  14  3:23  Spine Crawler  
  14  3:26  Drone x3  
  14  3:28  Drone  
  15  3:45  Drone x2  
  17  3:50  Drone  
  9  4:34  Zergling x2  
  9  4:35  Zergling x4  
  2  5:33  Drone x2  
  2  5:34  Drone x4  
  6  6:16  Drone x3  
  9  6:20  Drone  
  10  6:46  Drone x3  
  13  6:57  Drone x2  
  15  7:02  Drone  
  16  7:21  Extractor  
  15  7:25  Drone x3  
  15  7:26  Drone  
  19  7:30  Drone  
  20  8:06  Hatchery  
  19  8:15  Lair  
  19  8:37  Drone x5  
  19  8:38  Drone  
  25  9:09  Evolution Chamber x2  
  23  9:11  Drone x3  
  23  9:12  Drone x3  
  29  9:31  Hydralisk Den  
  29  9:32  Drone x3, Infestation Pit  
  30  9:50  Extractor  
  29  9:53  Extractor  
  29  9:54  Queen  
  28  10:17  Overseer  
  22  10:30  Queen  
  24  10:37  Spore Crawler  
  23  10:49  Drone x5  
  29  10:50  Drone x4  
  32  11:00  Muscular Augments  
  32  11:12  Spore Crawler  
  32  11:16  Spore Crawler  
  30  11:36  Drone x3  
  30  11:37  Drone x6  
  39  11:46  Spore Crawler  
  38  11:53  Overseer  
  38  11:59  Hydralisk  
  38  12:00  Hydralisk  
  42  12:02  Overlord x2  
  42  12:11  Grooved Spines  
  42  12:35  Hydralisk x3  
  42  12:36  Hydralisk x4  
  56  12:52  Overlord x2  
  56  12:53  Overlord  
  38  13:33  Hydralisk x4  
  38  13:34  Hydralisk x2  
  32  14:08  Lurker Den  
  27  14:18  Hydralisk  
Show
View Real Time Build Order
Export as new Build Order

OoO Terran 

Build Orders: Command Center First (CC), MMM Bio 

Get SALT Encoding   

  12  0:01  SCV  
  13  0:13  SCV  
  14  0:18  Supply Depot  
  14  0:25  SCV  
  15  0:39  SCV  
  16  0:51  SCV  
  17  1:01  Command Center  
  17  1:03  SCV  
  18  1:10  Refinery  
  18  1:15  SCV  
  19  1:23  Barracks  
  19  1:28  SCV  
  20  1:39  Barracks  
  20  1:40  SCV  
  21  1:53  Barracks, SCV  
  22  1:59  Refinery  
  22  2:09  Orbital Command  
  22  2:17  Orbital Command  
  22  2:26  Marine  
  22  2:27  Marine  
  24  2:37  SCV  
  24  2:38  Supply Depot  
  24  2:40  Barracks Tech Lab  
  25  2:45  SCV  
  25  2:46  Barracks Tech Lab  
  25  2:48  Barracks Reactor  
  26  2:58  SCV x2  
  28  3:01  Combat Shields  
  28  3:04  Marine  
  29  3:10  SCV x2  
  31  3:22  SCV x2, Marauder  
  31  3:23  Marauder  
  31  3:25  Marine  
  31  3:26  Marine  
  40  3:34  SCV x2  
  40  3:46  Marine x2, Marauder  
  40  3:47  Marauder  
  44  4:04  Marine x2  
  46  4:14  Concussive Shells  
  46  4:20  Marine x2  
  46  4:21  SCV x2  
  50  4:28  Marine x2  
  52  4:33  Supply Depot, SCV x2  
  52  4:34  Supply Depot  
  54  4:38  Barracks  
  54  4:43  Barracks  
  54  4:54  Marine x2  
  54  4:57  Marine x2  
  58  5:12  Marine x2  
  60  5:15  Marine x2  
  62  5:27  Supply Depot  
  62  5:28  Barracks Reactor  
  62  5:30  Marine x2  
  62  5:33  Marine x2  
  66  5:43  Barracks Reactor  
  66  5:47  Supply Depot  
  66  5:48  Marine x2  
  66  5:49  Supply Depot, Factory  
  68  5:50  Marine  
  68  5:51  Marine  
  70  6:11  Marine x3  
  70  6:12  Marine x3  
  70  6:16  Supply Depot  
  70  6:17  SCV x2  
  78  6:22  Engineering Bay  
  78  6:23  Engineering Bay  
  78  6:28  Marine x2  
  78  6:29  Marine x4  
  78  6:30  Marine x2  
  78  6:32  Stimpack  
  86  6:34  Factory Reactor, Starport  
  86  6:37  SCV x2  
  86  6:39  Starport  
  88  6:45  Supply Depot  
  88  6:47  Supply Depot  
  88  6:49  SCV x2  
  90  7:00  Marine x8  
  98  7:01  Supply Depot  
  98  7:02  SCV x2  
  98  7:06  Refinery  
  98  7:08  Refinery, Terran Infantry Weapons Level 1, Terran Infantry Armor Level 1  
  100  7:20  Medivac  
  100  7:21  Medivac  
  100  7:22  Medivac  
  106  7:37  Marine x6  
  102  7:38  Marine x2  
  108  7:54  Marine x2  
  108  7:55  Marine x4  
  108  7:56  Marine x2  
  102  8:12  Marine x3  
  87  8:13  Marine x5  
  82  8:22  SCV x2  
  82  8:30  Marine  
  80  8:34  SCV  
  80  8:35  SCV  
  76  8:46  SCV  
  76  8:47  SCV  
  64  8:59  SCV  
  64  9:00  SCV  
  24  9:45  SCV x2  
  18  9:57  SCV x2  
  20  10:09  SCV x2  
  22  10:21  SCV x2  
  24  10:33  SCV x2  
  26  10:41  Armory  
  26  10:42  Medivac x2  
  28  10:43  Medivac  
  28  10:45  SCV  
  28  10:46  SCV  
  30  10:56  Barracks Reactor  
  29  10:58  SCV x2  
  31  11:06  Marine x6  
  31  11:07  Marine  
  31  11:10  SCV x2  
  31  11:11  Siege Tank  
  43  11:22  SCV x2  
  43  11:24  Marine x7  
  52  11:34  SCV x2  
  52  11:37  Marine x2  
  56  11:41  Marine  
  56  11:42  Marine x6  
  56  11:46  SCV  
  64  11:55  Marine x2  
  64  11:59  Marine x3  
  64  12:00  Marine x4  
  73  12:13  Marine x2  
  73  12:14  SCV x2  
  77  12:21  Command Center, Refinery  
  77  12:24  Refinery  
  77  12:26  SCV x2  
  79  12:38  SCV x2  
  81  12:50  SCV x2  
  83  12:54  Siege Tank  
  86  13:02  SCV x2  
  88  13:14  SCV  
  52  13:36  Marine x4  
  52  13:37  Marine x5  
  61  13:54  Marine x6  
  61  13:55  Marine x3  
  51  14:12  Marine x6  
  51  14:13  Marine  
Show
View Real Time Build Order
Export as new Build Order

Chucko Zerg 

Build Orders: Hatch First 

Get SALT Encoding   

  12  0:01  Drone  
  13  0:12  Overlord  
  13  0:17  Drone  
  14  0:31  Drone x2  
  14  0:35  Drone  
  17  0:55  Hatchery  
  16  0:58  Drone  
  16  1:00  Drone  
  16  1:03  Extractor  
  17  1:19  Spawning Pool  
  17  1:20  Drone  
  17  1:24  Drone  
  18  1:29  Drone  
  19  1:39  Drone  
  20  1:42  Extractor  
  19  1:50  Drone  
  21  2:07  Queen, Metabolic Boost  
  23  2:10  Spine Crawler  
  23  2:12  Queen  
  24  2:20  Overlord  
  24  2:29  Baneling Nest  
  23  2:36  Zergling x2  
  23  2:37  Zergling x4  
  26  2:50  Queen  
  28  2:56  Drone  
  28  2:57  Drone x2  
  31  2:58  Drone  
  31  3:17  Spine Crawler  
  31  3:19  Zergling x4, Spine Crawler  
  25  3:43  Zergling x2  
  25  3:44  Zergling x8  
  24  4:14  Baneling x5  
  24  4:15  Baneling x2  
  24  4:16  Drone x6  
  30  4:17  Queen  
  30  4:20  Queen  
  34  4:38  Spine Crawler x2  
  32  4:59  Zergling x6  
  35  5:00  Zergling x6  
  35  5:12  Zergling x2  
  35  5:14  Overlord  
  36  5:16  Lair  
  36  5:18  Extractor  
  35  5:21  Baneling x3  
  35  5:22  Baneling x5  
  35  5:24  Drone  
  22  5:55  Zergling x2  
  22  5:56  Zergling x14  
  22  6:19  Baneling x2  
  22  6:20  Baneling x3  
  22  6:21  Drone  
  22  6:22  Drone x2  
  25  6:31  Queen  
  25  6:52  Baneling  
  25  6:53  Drone  
  25  6:54  Drone x4  
  30  7:18  Hatchery  
  24  7:43  Centrifical Hooks  
  23  7:47  Drone x3  
  26  7:51  Queen  
  28  7:58  Zergling x2  
  29  8:23  Baneling  
  29  8:24  Baneling  
  29  8:37  Zergling x10  
  34  8:54  Drone  
  34  8:55  Drone  
  36  9:04  Overlord x2  
  36  9:16  Queen  
  36  9:23  Baneling x6  
  35  9:24  Baneling  
  35  9:27  Drone x4  
  35  9:28  Drone x2  
  41  9:40  Evolution Chamber x2  
  37  9:52  Zergling x2  
  37  9:53  Zergling x6  
  37  9:56  Extractor x2  
  38  10:05  Zergling x4  
  40  10:07  Zerg Melee Weapons Level 1  
  40  10:08  Zerg Ground Armor Level 1  
  40  10:21  Baneling x5  
  40  10:22  Baneling x3  
  40  10:26  Drone x4  
  44  10:32  Overlord  
  44  10:47  Drone x3  
  47  11:00  Baneling x4  
  47  11:02  Zergling x2  
  47  11:03  Zergling x8  
  52  11:17  Spire  
  51  11:28  Burrow  
  44  11:49  Overseer  
  44  11:53  Pneumatized Carapace  
  44  11:59  Overseer x2  
  44  12:06  Drone x2  
  46  12:08  Spine Crawler  
  46  12:10  Spore Crawler  
  42  12:40  Mutalisk  
  42  12:41  Mutalisk x9  
  57  12:53  Zergling x4  
  57  12:55  Overlord  
  57  12:56  Overlord  
Tags
 
Add a new tag
Caveats
  • Supply blocks, unpowered buildings, or Contaminate may cause inaccurate times.
  • Supply counts are checked every 10 seconds.